 Dungeon Crawl Stone Soup version 0.26.1-2-gb8aa6d0cf2 (webtiles) character file.

Game seed: 16612778948034300116

1359 hawla the Conjurer (level 8, -5/57 HPs)
             Began as a Pale Draconian Conjurer on Feb 22, 2021.
             Slain by an orc warrior
             ... wielding a +0 hand axe
              (16 damage)
             ... on level 6 of the Dungeon.
             The game lasted 00:13:38 (6490 turns).

hawla the Conjurer (Pale Draconian Conjurer)        Turns: 6490, Time: 00:13:39

Health: -5/57      AC:  7    Str: 10    XL:     8   Next: 37%
Magic:  0/16       EV: 12    Int: 21    God:
Gold:   234        SH:  0    Dex:  9    Spells: 11/18 levels left

rFire    + . .     SeeInvis +   a - +0 whip
rCold    + . .     Faith    .   (no shield)
rNeg     . . .     Spirit   .   (armour unavailable)
rPois    +         Reflect  .   (helmet restricted)
rElec    +         Harm     .   (no cloak)
rCorr    +         Rampage  .   j - +0 pair of gloves
Will     +....                  (no boots)
Stlth    ++........             (no amulet)
HPRegen  0.19/turn              h - ring of willpower
MPRegen  0.15/turn              m - ring of see invisible

@: lethally poisoned (-5 -> -14), resistant, marked, very slightly contaminated
A: breathe steam, unfitting armour, blurry vision 1, cold-blooded, MP-powered
wands, AC +6
a: Breathe Steam


You were on level 6 of the Dungeon.
You visited 1 branch of the dungeon, and saw 6 of its levels.

You collected 234 gold pieces.

Inventory:

Hand Weapons
 a - a +0 whip (weapon)
Missiles
 c - 9 boomerangs
 e - a throwing net
Armour
 j - a +0 pair of gloves (worn)
Jewellery
 f - an uncursed ring of resist corrosion
 h - a ring of willpower (left hand)
 m - a ring of see invisible (right hand)
Wands
 d - a wand of flame (8)
Scrolls
 b - 3 scrolls of remove curse
 g - a scroll of identify
Potions
 n - 3 potions of brilliance


   Skills:
 - Level 1.7 Dodging
 - Level 1.7 Stealth
 + Level 5.6 Spellcasting
 + Level 7.0 Conjurations
 + Level 4.8 Translocations
 + Level 3.5 Fire Magic
 - Level 1.0 Evocations


You had 11 spell levels left.
You knew the following spells:

 Your Spells              Type           Power        Failure   Level
a - Magic Dart            Conj           100%         1%          1
b - Searing Ray           Conj           70%          1%          2
c - Iskenderun's Mystic   Conj/Tloc      30%          9%          4

Your spell library contained the following spells:

 Spells                   Type           Power        Failure   Level
 Dazzling Flash           Conj/Hex       40%          7%          3
 Fulminant Prism          Conj/Hex       10%          24%         4


Dungeon Overview and Level Annotations

Branches:
Dungeon (6/15)             Temple (0/1) D:6

Altars:
Ru
Beogh

Shops:
D:5 (

Annotations:
D:4 3 runed translucent doors, ew1980's ghost, amateur NaMo


Innate Abilities, Weirdness & Mutations

You can breathe blasts of scalding, opaque steam.
Your pale cyan-grey scales are hard. (AC +6)
You cannot fit into any form of body armour.
You are cold-blooded and may be slowed by cold attacks.
Scrolls take you a little longer to read.
You expend magic power (3 MP) to strengthen your wands.


Message History

You feel sick. The orc warrior barely misses you.
Okay, then.
Really read with blurry vision while enemies are nearby?
You begin reading the scroll.
You continue reading the scroll.
You feel sick.
The orc warrior hits you with a +0 hand axe.
* * * LOW HITPOINT WARNING * * *
As you read the scroll labelled PICAYCL VYQU, it crumbles to dust.
You feel aware of your surroundings.
You sensed 1 altar.
It was a scroll of magic mapping.
Okay, then.
Aiming: Throw Flame
Press: ? - help, Shift-Dir - straight line, f/p - orc warrior
Aim: an orc warrior, wielding a +0 hand axe and wearing a +0 chain mail (severely wounded, 36% to evade)
The puff of flame hits the orc warrior!
The orc warrior is almost dead.
* * * LOW HITPOINT WARNING * * *
You feel sick.
The orc warrior hits you with a +0 hand axe!
You die...

****,,,,,**>.##...#*,<#.#
*8,>,8,***#....***##.#
*,,,,,,,,,...,** #..#
**,8,*,,,,,,,,* ##.##
*,,,,,,,,,,,,* #..#
**,,,,,,,,,,,* #.##
*,,,,,,**,,**####.#
*****+####+###....##
*,,......†@....(.#
*,,......)o).....#
*,,..............#
*,,..............#
*,,..............#
*,,..............#
*,,....).........#
***###############


You could see an orc warrior.

Vanquished Creatures
  Sigmund (D:3)
  A necrophage (D:4)
  A sky beast (D:4)
  A centaur (D:5)
  A scorpion (D:6)
  7 wights (D:6)
  A bullfrog zombie (D:6)
  3 orc wizards
  A jelly (D:5)
  An orc priest (D:5)
  2 hounds (D:4)
  Jessica (D:3)
  4 worker ants
  A worker ant zombie (D:6)
  4 gnolls (D:4)
  9 adders
  A white imp (D:3)
  An adder skeleton (D:4)
  3 worms
  2 dart slugs
  3 leopard geckos (D:5)
  15 orcs
  3 giant cockroaches
  8 goblins
  7 hobgoblins
  3 jackals (D:3)
  3 quokkas
  2 ball pythons
  10 bats
  3 frilled lizards
  6 kobolds
  5 rats
114 creatures vanquished.

Notes
Turn   | Place    | Note
-------+----------+-------------------------------------------
     0 | D:1      | hawla the Draconian Conjurer began the quest for the Orb.
     0 | D:1      | Reached XP level 1. HP: 14/14 MP: 3/3
   313 | D:1      | Reached XP level 2. HP: 20/20 MP: 3/5
   966 | D:1      | Learned a level 2 spell: Searing Ray
   971 | D:2      | Reached XP level 3. HP: 13/26 MP: 1/7
  1276 | D:2      | Reached XP level 4. HP: 27/33 MP: 3/8
  1294 | D:2      | Learned a level 4 spell: Iskenderun's Mystic Blast
  1555 | D:2      | You fall into a shaft and drop 1 floor!
  1562 | D:3      | Reached skill level 5 in Conjurations
  2390 | D:3      | Noticed Jessica
  2393 | D:3      | Killed Jessica
  2394 | D:3      | Reached skill level 1 in Translocations
  2397 | D:3      | Gained mutation: You possess an exceptional clarity of
                  | mind. [potion of mutation]
  2397 | D:3      | Lost mutation: You possess an exceptional clarity of mind.
                  | [potion of mutation]
  2397 | D:3      | Gained mutation: Scrolls take you a little longer to read.
                  | [potion of mutation]
  2397 | D:3      | Gained mutation: You expend magic power (3 MP) to
                  | strengthen your wands. [potion of mutation]
  2514 | D:3      | Reached XP level 5. HP: 38/38 MP: 8/10
  2642 | D:3      | Noticed Sigmund
  2649 | D:3      | HP: 1/38 [something (6)]
  2658 | D:3      | Killed Sigmund
  2659 | D:3      | Reached XP level 6. HP: 7/45 MP: 3/12
  2912 | D:3      | Found a sacrificial altar of Ru.
  3953 | D:4      | Noticed a sky beast
  3975 | D:4      | Killed a sky beast
  3976 | D:4      | Reached skill level 6 in Conjurations
  3976 | D:4      | Your scales start taking on a pale cyan-grey colour.
  3976 | D:4      | Reached XP level 7. HP: 7/50 MP: 4/13
  4354 | D:4      | Noticed ew1980's ghost (amateur NaMo)
  4355 | D:4      | Found a runed translucent gate.
  4356 | D:4      | Found a runed translucent gate.
  4357 | D:4      | Found a runed translucent gate.
  4361 | D:4      | Identified the +7 whip of Guamalu {vorpal, *Noise rElec
                  | rPois Dex+5}
  4361 | D:4      | Identified the +5 ring mail of Ruptaso {+Blink rF++ Regen+
                  | Dex-4}
  4491 | D:4      | Reached skill level 1 in Fire Magic
  4581 | D:4      | Reached skill level 1 in Evocations
  5025 | D:4      | Found a roughly hewn altar of Beogh.
  5053 | D:5      | Entered Level 5 of the Dungeon
  5129 | D:5      | Found Ranuin's Antique Weapon Shop.
  5335 | D:5      | Reached skill level 5 in Spellcasting
  6174 | D:6      | Reached XP level 8. HP: 57/57 MP: 6/15
  6343 | D:6      | Reached skill level 7 in Conjurations
  6490 | D:6      | Slain by an orc warrior

Illustrated notes

Levels and vault maps discovered:
D:1:      saegor_arrival_simple_a, layout_basic
D:2:      layout_basic, serial_corexii_hall, corexii_hall_statues_s,
          corexii_hall_statues_x
D:3:      layout_basic, hangedman_ru_absence, uniq_jessica, uniq_sigmund
D:4:      layout_cave_pools, biasface_ghost_orc_armoury
D:5:      layout_gridville, serial_shops, shop
D:6:      layout_gridville, nicolae_overflow_crystal_walls,
          minmay_temple_entry_statues_pillars, corner_web_ring,
          grunt_ministairs_6

Skill      XL: |  1  2  3  4  5  6  7  8 |
---------------+-------------------------+-----
Spellcasting   | 3 4 5 |  5.6
Conjurations   | 5 6 7 |  7.0
Translocations | 1 2 3 4 |  4.8
Fire Magic     | 2 3 |  3.5
Evocations     | 1 |  1.0
Dodging        | |  1.7
Stealth        | |  1.7

Action                   |  1- 3 |  4- 6 |  7- 9 || total
-------------------------+-------+-------+-------++-------
Melee: Whip              |     9 |    20 |    10 ||    39
       Tailslap          |       |     4 |     2 ||     6
 Cast: Magic Dart        |    38 |    32 |    13 ||    83
       Searing Ray       |     3 |    27 |    31 ||    61
       Iskenderun's Myst |       |     4 |     7 ||    11
Evoke: Wand              |       |       |     1 ||     1
  Use: Potion            |     1 |     5 |     2 ||     8
       Scroll            |       |     2 |     7 ||     9
Armor: Skin              |     6 |    11 |    14 ||    31
Dodge: Dodged            |    13 |    16 |    11 ||    40
